Cogmind - Beta 14 @@@ ROGUE MODE // 2025.04.30 @ 17:58:37 // Winter2019/RPGLIKE Player: Anting Result: Destroyed by Enhanced Grunt with Neutron Cannon Performance ------------- Evolutions (9) 4500 Regions Visited (27) 5400 Robots Destroyed (197) 985 Value Destroyed (15432) 15432 Prototype IDs (289) 5780 Alien Tech Used (3) 600 Bonus (34836) 34836 TOTAL SCORE: 67533 Bonus ------- High Alert Combat Kills 1848 Follower Combat Kills 9319 Entered Garrisons 1600 Used RIF Installer 5500 Met MAIN.C 5000 Destroyed MAIN.C Shell 5000 Destroyed MAIN.C 10000 Met Architect 300 Destroyed A6 400 Friendly Fire -4131 Cogmind --------- Core Integrity 0/1650 Matter 300/300 Energy 238/240 System Corruption 10% Temperature Cool (4) Movement Flying (42) Location -1/Access_0 Parts ------- > --- POWER (1) -------- Zero-point Reactor > --- PROPULSION (4) --- Impulse Thruster Array Impulse Thruster Array > --- UTILITY (13) ----- Advanced Weight Redist. System Advanced Terrain Scanner Advanced Terrain Scan Processor Experimental Melee Analysis Suite Experimental Core Analyzer Experimental Armor Integrity Analyzer Microactuators Microactuators Advanced Reaction Control System Advanced Phase Shifter Centrium Light Armor Plating Centrium Medium Armor Plating Graphene Brace > --- WEAPON (4) ------- Vibroblade Sigix Broadsword Enhanced Force Lance > --- INVENTORY (5) ---- Zero-point Reactor Improved Melee Analysis Suite Improved Melee Analysis Suite Force Booster Enhanced Force Lance Peak State ------------ > --- POWER ------------ Zero-point Reactor > --- PROPULSION ------- Impulse Thruster Array Impulse Thruster Array > --- UTILITY ---------- Advanced Weight Redist. System Advanced Terrain Scanner Advanced Terrain Scan Processor Experimental Melee Analysis Suite Experimental Core Analyzer Experimental Armor Integrity Analyzer Microactuators Microactuators Advanced Reaction Control System Advanced Phase Shifter Centrium Light Armor Plating Centrium Medium Armor Plating Graphene Brace > --- WEAPON ----------- Vibroblade Sigix Broadsword Enhanced Force Lance > --- INVENTORY -------- Improved Melee Analysis Suite Force Booster High-powered Transdimensional Reconstructor Subatomic Replicator Enhanced Force Lance [Rating: 179] Favorites ----------- Power Light Nuclear Core Engine Light Ion Engine Power Core Light Nuclear Core Reactor Zero-point Reactor Propulsion Advanced Surge Thruster Leg Aluminum Leg Flight Unit Advanced Surge Thruster Utility Relay Coupler [Grunt] Device Improved Heat Sink Processor Improved Signal Interpreter Hackware Relay Coupler [Grunt] Protection Improved Light Armor Plating Weapon Assault Rifle Energy Gun Heavy Laser Ballistic Gun Assault Rifle Launcher Improved Grenade Launcher Special Weapon Remote Datajack Slashing Weapon Sigix Broadsword Piercing Weapon Enhanced Force Lance Special Melee Weapon Advanced Datajack Build | -11 -10 -10 -10 -9 -8 -8 -7 -7 -7 -7 -6 -6 -5 -5 -4 -4 -4 -3 -3 -3 -2 -2 -2 -2 -1 -1 -1 ------- Run | Yrd Mat Min Exi Min Mat Gar Fac Gar Fac Gar Fac Gar Fac Gar Fac Gar Arm Res Qua Sec Res Gar Res Gar Acc Com Ac0 Slots Evolved 18 | 4 1 1 . 2 1 2 . 1 . . 1 . 1 . . 2 . . . . . 1 . . . 1 . Power . | . . . . . . . . . . . . . . . . . . . . . . . . . . . . Propulsion 3 | 1 . . . . . . . . . . . . . . . 1 . . . . . . . . . 1 . Utility 12 | 1 . 1 . 2 1 2 . 1 . . 1 . 1 . . 1 . . . . . 1 . . . . . Weapon 3 | 2 1 . . . . . . . . . . . . . . . . . . . . . . . . . . Parts Attached 177 | 5 17 4 . 2 12 13 3 7 . 6 1 8 . 8 . 18 . . 6 . . 12 . 3 2 50 . Power 7 | 1 2 . . . . . . 1 . . . . . . . 1 . . . . . . . . . 2 . Engine 3 | 1 2 . . . . . . . . . . . . . . . . . . . . . . . . . . Core 2 | . . . . . . . . 1 . . . . . . . 1 . . . . . . . . . . . Reactor 2 | . . . . . . . . . . . . . . . . . . . . . . . . . . 2 . Propulsion 19 | 2 2 . . . 2 1 1 . . 1 1 . . . . 4 . . 2 . . . . . . 3 . Treads . | . . . . . . . . . . . . . . . . . . . . . . . . . . . . Leg 2 | 2 . . . . . . . . . . . . . . . . . . . . . . . . . . . Wheel . | . . . . . . . . . . . . . . . . . . . . . . . . . . . . Hover . | . . . . . . . . . . . . . . . . . . . . . . . . . . . . Flight 17 | . 2 . . . 2 1 1 . . 1 1 . . . . 4 . . 2 . . . . . . 3 . Utility 104 | . 2 2 . 1 3 6 . 5 . 3 . 8 . 8 . 10 . . 3 . . 11 . 3 2 37 . Device 33 | . 2 . . 1 . . . . . . . . . . . . . . . . . . . . 1 29 . Storage . | . . . . . . . . . . . . . . . . . . . . . . . . . . . . Processor 10 | . . 2 . . 1 . . . . . . . . . . . . . 1 . . . . . 1 5 . Hackware 56 | . . . . . 1 5 . 5 . 3 . 8 . 8 . 10 . . 2 . . 11 . 3 . . . Protection 5 | . . . . . 1 1 . . . . . . . . . . . . . . . . . . . 3 . Artifact . | . . . . . . . . . . . . . . . . . . . . . . . . . . . . Weapon 47 | 2 11 2 . 1 7 6 2 1 . 2 . . . . . 3 . . 1 . . 1 . . . 8 . Energy Gun 2 | 1 . . . . . . . . . . . . . . . . . . . . . . . . . 1 . Energy Cannon . | . . . . . . . . . . . . . . . . . . . . . . . . . . . . Ballistic Gun 20 | 1 9 1 . . 6 3 . . . . . . . . . . . . . . . . . . . . . Ballistic Cannon . | . . . . . . . . . . . . . . . . . . . . . . . . . . . . Launcher 9 | . 2 1 . 1 1 1 . 1 . . . . . . . 1 . . . . . . . . . 1 . Special Weapon 6 | . . . . . . . 1 . . 2 . . . . . 2 . . . . . 1 . . . . . Impact Weapon . | . . . . . . . . . . . . . . . . . . . . . . . . . . . . Slashing Weapon 6 | . . . . . . 2 . . . . . . . . . . . . 1 . . . . . . 3 . Piercing Weapon 2 | . . . . . . . . . . . . . . . . . . . . . . . . . . 2 . Special Melee Weapon 2 | . . . . . . . 1 . . . . . . . . . . . . . . . . . . 1 . Unidentified Prototypes 7 | . . . . 1 1 . 1 . . . . . . . . . . . 1 . . . . . 2 1 . Corrupted Parts 1 | . . . . . . . . . . . . . . . . . . . . . . . . . . 1 . System Corruption 2 | . . . . . . . . . . . . . . . . . . . . . . . . . . 2 . Parts Lost 4 | . . . . . . . . 1 . . . . . . . 1 . . . . . . . . 1 1 . Power 2 | . . . . . . . . . . . . . . . . 1 . . . . . . . . . 1 . Propulsion . | . . . . . . . . . . . . . . . . . . . . . . . . . . . . Utility 2 | . . . . . . . . 1 . . . . . . . . . . . . . . . . 1 . . Weapon . | . . . . . . . . . . . . . . . . . . . . . . . . . . . . Highest Loss Streak 1 | . . . . . . . . 1 . . . . . . . 1 . . . . . . . . 1 1 . To Critical Strikes . | . . . . . . . . . . . . . . . . . . . . . . . . . . . . Average Slot Usage (%) 89 | . 86 96 100 92 97 95 93 91 93 92 88 93 88 93 94 92 95 95 91 90 90 88 90 90 88 81 86 Engine 1 | . 9 10 10 8 7 6 6 1 . . . . . . . . . . . . . . . . . . . Core 2 | . . . . . . . . 4 6 6 5 5 5 5 5 5 5 5 5 5 5 4 4 4 4 1 . Flight 13 | . 21 21 20 17 15 13 13 12 12 11 11 11 11 11 11 13 15 15 15 15 15 14 14 14 14 12 9 Device 5 | . 14 16 10 10 9 5 . . . . . . . . . . . . . . . . . . . 12 31 Processor 9 | . . 5 20 17 22 20 20 12 12 9 5 5 5 5 5 5 5 5 5 5 5 4 4 4 6 11 18 Hackware 34 | . . . . . 5 17 26 39 43 45 47 51 50 54 55 54 55 55 55 55 55 55 57 57 52 26 . Protection 1 | . . . . . 2 6 6 . . . . . . . . . . . . . . . . . . 2 9 Ballistic Gun 6 | . 32 40 40 27 31 20 4 . . . . . . . . . . . . . . . . . . . . Launcher 2 | . 4 2 . 8 . . . 4 6 6 5 5 5 5 5 4 5 5 1 . . . . . . . . Special Weapon 3 | . . . . . . . 6 6 6 6 5 5 5 5 5 4 5 5 5 5 5 4 4 4 4 1 . Slashing Weapon 3 | . . . . . . 3 6 6 6 6 5 5 5 5 5 5 5 5 5 5 5 4 4 4 4 4 9 Peak Build Rating 179 | 5 11 12 12 21 36 44 44 54 54 64 61 64 62 69 69 88 88 88 111 111 111 119 116 118 124 179 178 Average Rating 83 | 3 8 11 12 14 26 41 43 50 54 58 60 63 62 68 69 82 88 88 104 111 111 113 116 116 119 123 178 On Entrance 68 | . 5 11 12 12 21 35 43 43 54 54 61 61 62 62 69 69 88 88 88 111 111 111 116 116 118 123 178 Naked Turns . | . . . . . . . . . . . . . . . . . . . . . . . . . . . . Heaviest Build 70 | 9 15 14 12 14 22 19 17 19 19 19 19 19 19 19 19 20 20 20 20 19 19 20 20 20 20 70 59 Greatest Support 61 | 25 25 18 18 18 20 20 20 20 20 20 19 19 19 19 19 30 22 22 22 27 27 27 27 27 32 61 61 Greatest Overweight (x) 1 | . 1 . . . 1 1 . . . . . . . . . . . . . . . . . . . 1 . Average Overweight (x) . | . . . . . . . . . . . . . . . . . . . . . . . . . . . . Largest Inventory Capacity 5 | . 1 1 1 1 3 3 3 3 3 5 5 5 5 5 5 5 5 5 5 5 5 5 5 5 5 5 5 Average Capacity 4 | . . 1 1 1 1 3 3 3 3 4 5 5 5 5 5 5 5 5 5 5 5 5 5 5 5 5 5 Most Carried 5 | . 1 1 1 1 3 3 3 3 3 5 5 5 5 5 5 5 5 5 5 5 5 5 5 5 5 5 5 Average Carried 3 | . . 1 1 1 1 2 3 2 3 4 5 4 5 4 5 4 5 5 4 5 5 5 5 5 4 2 5 Final Capacity 5 | . 1 1 1 1 3 3 3 3 3 5 5 5 5 5 5 5 5 5 5 5 5 5 5 5 5 5 5 Final Carried 5 | . 1 1 1 1 1 3 3 3 3 5 5 5 5 5 5 5 5 5 5 5 5 5 5 5 4 5 5 Class Distribution -------------------- 60% | Botlord-Scout 10% | Hacker-Scout 9% | Scavenger-Gunner 6% | Scavenger-Sprinter 3% | Hacker-Gladiator Dominant Class ---------------- Gunner | -10/Materials Scavenger-Gunner | -10/Mines Scavenger-Gunner | -10/Exiles Scavenger-Gunner | -9/Mines Scavenger-Gunner | -8/Materials Scavenger-Sprinter | -8/Garrison Bothacker-Scout | -7/Factory Botlord-Scout | -7/Garrison Botlord-Scout | -7/Factory Botlord-Scout | -7/Garrison Botlord-Scout | -6/Factory Botlord-Scout | -6/Garrison Botlord-Scout | -5/Factory Botlord-Scout | -5/Garrison Botlord-Scout | -4/Factory Botlord-Scout | -4/Garrison Botlord-Scout | -4/Armory Botlord-Scout | -3/Research Botlord-Scout | -3/Quarantine Botlord-Scout | -3/Section 7 Botlord-Scout | -2/Research Botlord-Scout | -2/Garrison Botlord-Scout | -2/Research Botlord-Scout | -2/Garrison Botlord-Scout | -1/Access Botlord-Scout | -1/Command Hacker-Scout | -1/Access_0 Resources | -11 -10 -10 -10 -9 -8 -8 -7 -7 -7 -7 -6 -6 -5 -5 -4 -4 -4 -3 -3 -3 -2 -2 -2 -2 -1 -1 -1 ----------- Run | Yrd Mat Min Exi Min Mat Gar Fac Gar Fac Gar Fac Gar Fac Gar Fac Gar Arm Res Qua Sec Res Gar Res Gar Acc Com Ac0 Matter Collected 7295 | 250 755 416 . 88 814 1376 40 204 . 145 73 205 . 313 . 387 . . . 293 123 444 9 180 70 1104 6 Remotely 912 | . 626 286 . . . . . . . . . . . . . . . . . . . . . . . . . Salvage Created 9021 | . 533 161 . 65 955 1307 . 277 . . 551 269 . 860 . 118 . . . 219 207 871 124 140 546 1818 . Parts 525 | . 56 12 . 24 68 90 . 24 . 3 21 6 . 34 . 12 . . . 5 5 17 6 12 33 97 . Haulers Intercepted 5 | . 2 . . . 2 . . . . . 1 . . . . . . . . . . . . . . . . Recyclers Shooed 4 | . . . . . . . . . . . 3 . . . . . . . . 1 . . . . . . . Parts Field Recycled . | . . . . . . . . . . . . . . . . . . . . . . . . . . . . Retrieved Matter . | . . . . . . . . . . . . . . . . . . . . . . . . . . . . Parts Self-Destructed . | . . . . . . . . . . . . . . . . . . . . . . . . . . . . Prevented . | . . . . . . . . . . . . . . . . . . . . . . . . . . . . Kills | -11 -10 -10 -10 -9 -8 -8 -7 -7 -7 -7 -6 -6 -5 -5 -4 -4 -4 -3 -3 -3 -2 -2 -2 -2 -1 -1 -1 ------- Run | Yrd Mat Min Exi Min Mat Gar Fac Gar Fac Gar Fac Gar Fac Gar Fac Gar Arm Res Qua Sec Res Gar Res Gar Acc Com Ac0 Combat Hostiles Destroyed 159 | . 17 21 . 13 17 39 . 8 . 1 5 3 . 13 . 4 . . . . 3 4 1 2 3 5 . Melee 49 | . . . . . . 7 . 5 . 1 4 3 . 7 . 4 . . . . 3 4 1 2 3 5 . Guns 78 | . 17 16 . 2 13 30 . . . . . . . . . . . . . . . . . . . . . AOE 32 | . . 5 . 11 4 2 . 3 . . 1 . . 6 . . . . . . . . . . . . . Classes Destroyed 19 | . 6 1 . . 2 7 . 1 . . . . . . . . . . . 1 . . . . . 1 . Worker 4 | . 2 . . . 1 . . . . . . . . . . . . . . . . . . . 1 . . Builder 1 | . . . . . 1 . . . . . . . . . . . . . . . . . . . . . . Hauler 5 | . 2 . . . 2 . . . . . 1 . . . . . . . . . . . . . . . . Recycler 6 | . 2 . . . 2 . . . . . 1 . . . . . . . . 1 . . . . . . . Mechanic 1 | . . . . . . . . . . . . . . . . . . . . 1 . . . . . . . Operator 1 | . . . . . . . . . . . . . . . . . . . . . . . . . . 1 . Watcher 20 | . 3 . . . 5 . . . . . 2 . . . . . . . . . . . 2 . 5 3 . Swarmer 41 | . 6 2 . 13 4 6 . 3 . . . . . 1 . 1 . . . . . 1 1 2 . 1 . Cutter 5 | . . . . . . 3 . 1 . . 1 . . . . . . . . . . . . . . . . Grunt 66 | . 11 5 . . 10 13 . 7 . . 3 2 . 10 . . . . . . 1 4 . . . . . Brawler 2 | . . . . . . 1 . . . . . . . 1 . . . . . . . . . . . . . Duelist 2 | . . . . . . 1 . . . . . . . 1 . . . . . . . . . . . . . Protector 1 | . . . . . . 1 . . . . . . . . . . . . . . . . . . . . . Sentry 21 | . . . . . 3 9 . . . 1 1 1 . . . 2 . . . . 1 1 . . 1 1 . Demolisher 1 | . . . . . . 1 . . . . . . . . . . . . . . . . . . . . . Specialist 2 | . . . . . . 1 . . . . . . . . . 1 . . . . . . . . . . . Hunter 4 | . . . . . . . . 1 . . . . . . . . . . . . 1 . . 1 . 1 . Programmer 12 | . . . . . . 4 . . . . . . . 2 . . . . . . . 2 . . 2 2 . Assembled 14 | . . 14 . . . . . . . . . . . . . . . . . . . . . . . . . Thug 1 | . . . . . . . . 1 . . . . . . . . . . . . . . . . . . . Savage 1 | . . . . . . 1 . . . . . . . . . . . . . . . . . . . . . Best Kill Streak 13 | . 4 11 . 6 13 8 . 2 . 1 4 2 . 7 . 2 . . . 2 1 2 3 2 5 2 . Combat Bots Only 11 | . 4 11 . 6 8 8 . 2 . 1 2 2 . 7 . 2 . . . . 1 2 1 2 2 2 . Max Kills in Single Turn 4 | . 2 3 . 4 4 2 . 3 . 1 1 1 . 2 . 1 . . . 1 1 1 1 1 1 1 . Gunslinging 1 | . 1 1 . . 1 1 . . . . . . . . . . . . . . . . . . . . . Exploded 4 | . . 3 . 4 4 1 . 2 . . 1 . . 2 . . . . . . . . . . . . . Melee 1 | . . . . . . 1 . 1 . 1 1 1 . 1 . 1 . . . . 1 1 1 1 1 1 . Uniques/NPCs Destroyed 2 | . . . . . . . . . . . . . . . . . . . . . . . . . . 2 . MAIN.C Shell (-1/Command) MAIN.C (-1/Command) Combat | -11 -10 -10 -10 -9 -8 -8 -7 -7 -7 -7 -6 -6 -5 -5 -4 -4 -4 -3 -3 -3 -2 -2 -2 -2 -1 -1 -1 -------- Run | Yrd Mat Min Exi Min Mat Gar Fac Gar Fac Gar Fac Gar Fac Gar Fac Gar Arm Res Qua Sec Res Gar Res Gar Acc Com Ac0 Hostile Shots Fired 1361 | . 66 44 . 24 38 178 13 53 . 11 35 142 3 51 . 105 2 7 2 9 45 73 3 42 18 67 330 Missed 675 | . 24 20 . 9 16 47 6 29 . 4 23 68 . 23 . 40 1 5 1 2 23 30 1 12 5 34 252 Damage Taken 11927 | . 445 297 . 110 258 1921 86 358 . 73 190 418 36 477 . 1120 75 25 35 150 512 1024 94 575 293 1263 2092 Core 9254 | . 355 244 . 83 206 1415 54 269 . 58 151 321 31 396 . 915 58 20 28 117 422 811 74 451 234 1011 1530 Absorbed by Shields 553 | . . . . . . 180 . . . 15 . 126 . . . 30 . . . . . 33 . 35 . 44 90 Redirected to Core 7748 | . 287 179 . 74 169 1091 43 201 . 47 138 260 17 283 . 667 58 20 28 117 323 774 74 435 219 877 1367 Ignored by Resistances 1726 | . 6 25 . 15 39 224 18 58 . 21 34 119 8 75 . 199 4 5 9 35 85 131 25 157 60 146 228 Regen/Repaired (Parts) 554 | . . . . . . . . . . . . . . . . . . . . . 72 171 20 66 50 175 . Core Remaining (%) 84 | 100 . . . 91 . 62 . . . 99 . 81 . 74 . . 91 . . 73 . . . 92 . . . Volleys Fired 749 | . 75 27 . 10 50 94 7 17 1 16 11 25 5 36 . 43 8 3 2 10 16 39 1 20 11 222 . Largest 4 | . 4 4 . 4 4 4 1 1 1 1 1 1 1 1 . 1 1 1 1 1 1 1 1 1 1 1 . Hottest 98 | . 80 80 . 80 98 98 5 36 5 5 36 5 5 36 . 36 7 36 7 7 7 10 10 10 10 80 . Shots Fired 1310 | . 196 97 . 16 197 311 7 17 1 16 11 25 5 36 . 43 8 3 2 10 16 39 1 20 11 222 . Gun 966 | . 182 94 . 8 196 308 . . . . . . . . . . . . . . . . . . . 178 . Cannon . | . . . . . . . . . . . . . . . . . . . . . . . . . . . . Launcher 49 | . 14 3 . 8 1 3 . 3 . . 1 . . 6 . 1 . 1 . . . . . . . 8 . Special 295 | . . . . . . . 7 14 1 16 10 25 5 30 . 42 8 2 2 10 16 39 1 20 11 36 . Kinetic 779 | . 173 94 . 8 196 308 . . . . . . . . . . . . . . . . . . . . . Thermal 187 | . 9 . . . . . . . . . . . . . . . . . . . . . . . . 178 . Explosive 41 | . 14 3 . 8 1 3 . 3 . . 1 . . 6 . 1 . 1 . . . . . . . . . Electromagnetic 8 | . . . . . . . . . . . . . . . . . . . . . . . . . . 8 . Robot Hit Streak 41 | . 10 9 . 7 13 14 6 7 1 8 12 4 2 10 . 10 18 20 22 23 9 8 6 8 8 41 . Robot Miss Streak 8 | . 8 3 . 2 6 4 1 2 . 2 1 2 1 2 . 6 . . . 1 3 1 . 2 1 2 . Penetration Max . | . . . . . . . . . . . . . . . . . . . . . . . . . . . . Secondary Targets 25 | . 5 6 . 1 3 10 . . . . . . . . . . . . . . . . . . . . . Max Gunslinging Chain 2 | . 1 1 . 1 1 2 . . . . . . . . . . . . . . . . . . . . . Shots Hit Robots 984 | . 90 52 . 10 96 177 6 25 1 17 25 32 3 43 . 40 9 2 2 11 18 52 6 27 23 217 . Core Hits 340 | . 40 33 . 15 51 65 . 16 . 1 12 3 . 24 . 8 . . . . 3 7 1 3 8 50 . Critical Kills 1 | . . 1 . . . . . . . . . . . . . . . . . . . . . . . . . Critical Parts Destroyed 4 | . 1 . . . 2 1 . . . . . . . . . . . . . . . . . . . . . Critical Strikes 59 | . 3 1 . . 2 4 . . . . 2 2 . 1 . 4 . . . . . 5 . . . 35 . Burn 36 | . 2 . . . . . . . . . . . . . . . . . . . . . . . . 34 . Destroy 5 | . 1 1 . . 2 1 . . . . . . . . . . . . . . . . . . . . . Sever 18 | . . . . . . 3 . . . . 2 2 . 1 . 4 . . . . . 5 . . . 1 . Melee Attacks 447 | . . . . . . 54 . 37 . 9 22 24 . 28 . 30 7 7 8 4 17 66 13 18 28 65 10 Impact . | . . . . . . . . . . . . . . . . . . . . . . . . . . . . Slashing 431 | . . . . . . 54 . 35 . 9 22 24 . 28 . 30 7 7 8 4 17 66 13 18 28 57 4 Piercing 6 | . . . . . . . . . . . . . . . . . . . . . . . . . . . 6 Sneak Attacks 61 | . . . . . . . . 9 . 3 6 3 . 9 . 4 . . . 2 3 10 2 5 3 2 . Combat Hostiles 36 | . . . . . . . . 4 . 3 3 3 . 5 . 4 . . . . 3 3 2 4 1 1 . Follow-up Attacks . | . . . . . . . . . . . . . . . . . . . . . . . . . . . . Damage Inflicted 29357 | . 1357 988 . 744 1719 4173 . 1600 . 373 1530 961 . 2064 . 1092 65 . . 431 967 2381 631 1402 1481 5398 . Guns 9352 | . 1178 702 . 113 1533 2839 . . . . . . . . . . . . . . . . . . . 2987 . Cannons . | . . . . . . . . . . . . . . . . . . . . . . . . . . . . Explosions 2913 | . 179 286 . 631 186 265 . 417 . . 297 . . 619 . 33 . . . . . . . . . . . Melee 17092 | . . . . . . 1069 . 1183 . 373 1233 961 . 1445 . 1059 65 . . 431 967 2381 631 1402 1481 2411 . Ramming . | . . . . . . . . . . . . . . . . . . . . . . . . . . . . Kinetic 6301 | . 1114 702 . 113 1533 2839 . . . . . . . . . . . . . . . . . . . . . Thermal 3051 | . 64 . . . . . . . . . . . . . . . . . . . . . . . . 2987 . Explosive 2913 | . 179 286 . 631 186 265 . 417 . . 297 . . 619 . 33 . . . . . . . . . . . Electromagnetic . | . . . . . . . . . . . . . . . . . . . . . . . . . . . . Impact . | . . . . . . . . . . . . . . . . . . . . . . . . . . . . Slashing 17092 | . . . . . . 1069 . 1183 . 373 1233 961 . 1445 . 1059 65 . . 431 967 2381 631 1402 1481 2411 . Piercing . | . . . . . . . . . . . . . . . . . . . . . . . . . . . . Highest Corruption 10 | . . . . . . 2 . . . . . . . . . . . 1 1 1 2 4 4 4 . 3 10 Average Corruption 2 | . . . . . . 2 . . . . . . . . . . . 1 1 1 1 3 4 4 . 2 4 Corruption Purged 6 | . . . . . . . . . . . . . . . . . . . . . . . . . . 6 . Corruption Blocked . | . . . . . . . . . . . . . . . . . . . . . . . . . . . . Effects 75 | . . . . . . 8 . . . . . . . . . . . 1 3 1 3 17 6 14 . 19 3 Message Errors 24 | . . . . . . 2 . . . . . . . . . . . . 1 . 1 7 3 5 . 3 2 Matter Fused 14 | . . . . . . 1 . . . . . . . . . . . . 1 1 1 4 1 2 . 2 1 Heat Flow Errors 8 | . . . . . . . . . . . . . . . . . . . . . . . . 3 . 5 . Energy Discharges 12 | . . . . . . 4 . . . . . . . . . . . 1 . . . 2 1 1 . 3 . Data Loss (minor) 11 | . . . . . . 1 . . . . . . . . . . . . . . 1 2 1 2 . 4 . Data Loss (major) 3 | . . . . . . . . . . . . . . . . . . . . . . 1 . 1 . 1 . Alerts 3 | . . . . . . . . . . . . . . . . . . . 1 . . 1 . . . 1 . Overload Shots . | . . . . . . . . . . . . . . . . . . . . . . . . . . . . Overflow Damage 2191 | . . . . 10 40 64 . 212 . 5 128 73 . 38 . 15 10 . . 343 40 349 285 47 193 339 . Projectiles . | . . . . . . . . . . . . . . . . . . . . . . . . . . . . Explosions 102 | . . . . 10 40 . . . . . 52 . . . . . . . . . . . . . . . . Melee 2089 | . . . . . . 64 . 212 . 5 76 73 . 38 . 15 10 . . 343 40 349 285 47 193 339 . Knockbacks . | . . . . . . . . . . . . . . . . . . . . . . . . . . . . Impact . | . . . . . . . . . . . . . . . . . . . . . . . . . . . . Kinetic . | . . . . . . . . . . . . . . . . . . . . . . . . . . . . Secondary . | . . . . . . . . . . . . . . . . . . . . . . . . . . . . Self-Inflicted Damage 228 | . . . . . . 49 . 39 . . . . . . . . . . . . . . . . . 140 . Shots 18 | . . . . . . 3 . 1 . . . . . . . . . . . . . . . . . 14 . Rammed . | . . . . . . . . . . . . . . . . . . . . . . . . . . . . Targets Rammed . | . . . . . . . . . . . . . . . . . . . . . . . . . . . . Kicked . | . . . . . . . . . . . . . . . . . . . . . . . . . . . . Crushed . | . . . . . . . . . . . . . . . . . . . . . . . . . . . . Highest Temperature 344 | . 17 . . . 41 96 . 5 . . . . . . . . . . 4 . . 4 . 240 1 344 . Average Temperature 71 | . 9 . . . 18 26 . 5 . . . . . . . . . . 4 . . 4 . 116 1 97 . Received Heat Transfer 1682 | . 213 90 . . 108 515 54 144 . . 24 134 . 84 . 40 . . 9 18 27 63 9 126 9 9 6 Siege Activations . | . . . . . . . . . . . . . . . . . . . . . . . . . . . . Robots Corrupted . | . . . . . . . . . . . . . . . . . . . . . . . . . . . . Combat Hostiles . | . . . . . . . . . . . . . . . . . . . . . . . . . . . . Parts Fried . | . . . . . . . . . . . . . . . . . . . . . . . . . . . . Impact Corruptions . | . . . . . . . . . . . . . . . . . . . . . . . . . . . . Robots Melted 2 | . . . . . . . . . . . . . . . . . . . . . . . . . . 2 . Combat Hostiles 2 | . . . . . . . . . . . . . . . . . . . . . . . . . . 2 . Parts Melted 11 | . . . . . . . . . . . . 1 . . . . . . . . . . . . . 10 . Heat Transferred 4922 | . 333 . . . . . . . . . . . . . . . . . . . . . . . . 4589 . Parts Sabotaged . | . . . . . . . . . . . . . . . . . . . . . . . . . . . . Parts Stolen . | . . . . . . . . . . . . . . . . . . . . . . . . . . . . Parts Stripped . | . . . . . . . . . . . . . . . . . . . . . . . . . . . . Power Chain Reactions 3 | . . . . . . . . . . . . . . . . . . . . . . . . . . 3 . Alert | -11 -10 -10 -10 -9 -8 -8 -7 -7 -7 -7 -6 -6 -5 -5 -4 -4 -4 -3 -3 -3 -2 -2 -2 -2 -1 -1 -1 ------- Run | Yrd Mat Min Exi Min Mat Gar Fac Gar Fac Gar Fac Gar Fac Gar Fac Gar Arm Res Qua Sec Res Gar Res Gar Acc Com Ac0 Peak Influence 1721 | . 698 587 . 467 742 1721 903 1538 852 941 857 1082 589 930 487 1160 633 274 195 155 408 603 514 474 384 441 . Initial 903 | . . 271 . . 182 482 903 577 807 596 493 564 561 392 487 340 609 186 153 109 80 300 339 366 223 115 . Average 605 | . 347 480 . 279 452 1161 815 991 817 795 689 864 565 680 487 900 562 241 184 132 279 400 397 406 274 252 . Maximum Alert Level 5 | . 2 2 . 2 3 5 3 4 3 3 3 3 2 3 2 4 2 1 . . 2 2 2 2 1 2 . Low Security (%) 30 | 100 23 . . 8 2 . . . . . . . . . . . . 3 100 100 28 . . . 24 83 . Level 1 20 | . 32 20 . 73 38 . . . . . . . . 5 . 2 19 96 . . 64 67 58 52 75 16 . Level 2 20 | . 44 79 . 17 56 9 . 21 . 34 42 20 100 39 100 19 80 . . . 7 32 41 47 . . . Level 3 20 | . . . . . 3 29 100 46 100 65 57 79 . 54 . 55 . . . . . . . . . . . Level 4 6 | . . . . . . 50 . 31 . . . . . . . 21 . . . . . . . . . . . Level 5 . | . . . . . . 11 . . . . . . . . . . . . . . . . . . . . . High Security . | . . . . . . . . . . . . . . . . . . . . . . . . . . . . Max Security . | . . . . . . . . . . . . . . . . . . . . . . . . . . . . Squads Dispatched 25 | . 4 . . . 1 . . . 1 . 5 . . . . . 1 1 1 2 1 . 2 . . 6 . Investigation 3 | . 2 . . . . . . . . . . . . . . . . . . . . . . . . 1 . Extermination 4 | . . . . . . . . . 1 . 1 . . . . . . . . 1 . . . . . 1 . Reinforcement 15 | . 2 . . . 1 . . . . . 3 . . . . . 1 1 1 1 . . 1 . . 4 . Assault 1 | . . . . . . . . . . . 1 . . . . . . . . . . . . . . . . Garrison 2 | . . . . . . . . . . . . . . . . . . . . . 1 . 1 . . . . Intercept . | . . . . . . . . . . . . . . . . . . . . . . . . . . . . Searches Triggered . | . . . . . . . . . . . . . . . . . . . . . . . . . . . . Construction Impeded . | . . . . . . . . . . . . . . . . . . . . . . . . . . . . Haulers Reinforced 1 | . . . . . . . . . . . 1 . . . . . . . . . . . . . . . . Active Scanning Responses . | . . . . . . . . . . . . . . . . . . . . . . . . . . . . Cargo Convoy Interrupts . | . . . . . . . . . . . . . . . . . . . . . . . . . . . . Alert ID Control Effect 150 | . . . . . . . . . . . . . . . . 7 3 . . 9 15 24 7 16 4 65 . Stealth | -11 -10 -10 -10 -9 -8 -8 -7 -7 -7 -7 -6 -6 -5 -5 -4 -4 -4 -3 -3 -3 -2 -2 -2 -2 -1 -1 -1 --------- Run | Yrd Mat Min Exi Min Mat Gar Fac Gar Fac Gar Fac Gar Fac Gar Fac Gar Arm Res Qua Sec Res Gar Res Gar Acc Com Ac0 Distress Signals 28 | . 2 . . . 1 . . . . . . . . . . . . . . 1 . . . . 1 23 . Communications Jammed 77 | . . . . . . . . . . . 25 . 1 . . . . 4 . 41 6 . . . . . . Distress Signals 76 | . . . . . . . . . . . 25 . 1 . . . . 4 . 41 5 . . . . . . Times Spotted 581 | . 26 22 . 14 27 41 9 40 . 20 22 29 5 31 . 48 4 4 1 15 17 44 9 24 14 83 32 Peak Tracking Total 27 | . 5 7 . 4 6 5 4 6 1 3 5 5 4 5 . 11 2 3 1 5 5 6 3 4 5 10 27 Tactical Retreats 16 | . 1 1 . . . 1 1 1 . . . 1 1 . . . . 1 . 1 . . 1 1 1 2 2 Traps | -11 -10 -10 -10 -9 -8 -8 -7 -7 -7 -7 -6 -6 -5 -5 -4 -4 -4 -3 -3 -3 -2 -2 -2 -2 -1 -1 -1 ------- Run | Yrd Mat Min Exi Min Mat Gar Fac Gar Fac Gar Fac Gar Fac Gar Fac Gar Arm Res Qua Sec Res Gar Res Gar Acc Com Ac0 Traps Triggered 52 | . 2 . . . . 9 . 5 . 3 1 4 . 7 . 5 . 1 . . . 7 . 6 1 1 . Indirectly . | . . . . . . . . . . . . . . . . . . . . . . . . . . . . Trap Hack Attempts 9 | . . . . . . . 9 . . . . . . . . . . . . . . . . . . . . Triggered . | . . . . . . . . . . . . . . . . . . . . . . . . . . . . Disarmed . | . . . . . . . . . . . . . . . . . . . . . . . . . . . . Reprogrammed 1 | . . . . . . . 1 . . . . . . . . . . . . . . . . . . . . Reused . | . . . . . . . . . . . . . . . . . . . . . . . . . . . . Traps Extracted . | . . . . . . . . . . . . . . . . . . . . . . . . . . . . Installed . | . . . . . . . . . . . . . . . . . . . . . . . . . . . . Triggered 1 | . . . . . . . . . . . . . . . . . . . . . . . . . . 1 . Machines | -11 -10 -10 -10 -9 -8 -8 -7 -7 -7 -7 -6 -6 -5 -5 -4 -4 -4 -3 -3 -3 -2 -2 -2 -2 -1 -1 -1 ---------- Run | Yrd Mat Min Exi Min Mat Gar Fac Gar Fac Gar Fac Gar Fac Gar Fac Gar Arm Res Qua Sec Res Gar Res Gar Acc Com Ac0 Machines Disabled 77 | . 10 . . 2 1 9 . 8 . 5 1 7 . 8 . 6 2 . 3 . . 6 . 2 1 4 2 Max in Single Turn 3 | . 3 . . 2 1 1 . 1 . 1 1 1 . 1 . 1 1 . 1 . . 1 . 1 1 1 1 Garrison Access 2 | . . . . . . . . . . . . . . . . . . . . . . . . . 2 . . Garrison Relay 44 | . . . . . . 8 . 7 . 4 . 6 . 6 . 6 . . . . . 4 . 3 . . . Machines Repaired . | . . . . . . . . . . . . . . . . . . . . . . . . . . . . Machines Dismantled . | . . . . . . . . . . . . . . . . . . . . . . . . . . . . Machines Sabotaged . | . . . . . . . . . . . . . . . . . . . . . . . . . . . . Overloaded Fab Kills . | . . . . . . . . . . . . . . . . . . . . . . . . . . . . Hacking | -11 -10 -10 -10 -9 -8 -8 -7 -7 -7 -7 -6 -6 -5 -5 -4 -4 -4 -3 -3 -3 -2 -2 -2 -2 -1 -1 -1 --------- Run | Yrd Mat Min Exi Min Mat Gar Fac Gar Fac Gar Fac Gar Fac Gar Fac Gar Arm Res Qua Sec Res Gar Res Gar Acc Com Ac0 Machines Accessed 49 | . 3 . 1 1 3 3 3 1 1 2 2 2 1 3 1 2 1 1 2 . 1 1 1 1 7 5 . Terminals 37 | . 2 . . 1 2 3 2 1 . 2 1 2 . 3 . 2 1 1 2 . . 1 . 1 5 5 . Fabricators . | . . . . . . . . . . . . . . . . . . . . . . . . . . . . Repair Stations . | . . . . . . . . . . . . . . . . . . . . . . . . . . . . Recycling Units 1 | . 1 . . . . . . . . . . . . . . . . . . . . . . . . . . Scanalyzers . | . . . . . . . . . . . . . . . . . . . . . . . . . . . . Garrison Access 10 | . . . . . 1 . 1 . 1 . 1 . 1 . 1 . . . . . 1 . 1 . 2 . . Total Hacks 96 | . 5 . 1 4 7 5 7 2 1 6 3 3 1 5 1 2 7 3 6 . 1 2 1 3 9 11 . Successful 54 | . 3 . 1 1 3 2 3 1 1 2 2 1 1 3 1 2 3 2 6 . 1 1 1 2 6 5 . Failed 42 | . 2 . . 3 4 3 4 1 . 4 1 2 . 2 . . 4 1 . . . 1 . 1 3 6 . Catastrophic 6 | . . . . 1 . 1 1 . . 1 . . . . . . 1 . . . . . . . 1 . . Database Lockouts . | . . . . . . . . . . . . . . . . . . . . . . . . . . . . Manual 42 | . 5 . . 6 6 . 4 . . 1 . . . . . . 5 3 3 . . . . 2 2 5 . Terminals 84 | . 4 . . 4 6 5 6 2 . 6 2 3 . 5 . 2 7 3 6 . . 2 . 3 7 11 . Fabricators . | . . . . . . . . . . . . . . . . . . . . . . . . . . . . Repair Stations . | . . . . . . . . . . . . . . . . . . . . . . . . . . . . Recycling Units 1 | . 1 . . . . . . . . . . . . . . . . . . . . . . . . . . Scanalyzers . | . . . . . . . . . . . . . . . . . . . . . . . . . . . . Garrison Access 10 | . . . . . 1 . 1 . 1 . 1 . 1 . 1 . . . . . 1 . 1 . 2 . . Terminal Hacks 37 | . 2 . 1 1 . 2 1 1 . 2 1 1 . 3 . 2 3 1 6 . . 1 . 1 4 4 . Record 1 | . . . 1 . . . . . . . . . . . . . . . . . . . . . . . . Robot Analysis 4 | . 2 . . 1 . . . . . . . . . . . . . . 1 . . . . . . . . Open Door 8 | . . . . . . . . 1 . . . . . 1 . 1 . . . . . 1 . . 3 1 . Level Access Points 1 | . . . . . . . . . . . . . . . . . . . 1 . . . . . . . . Branch Access Points 2 | . . . . . . . . . . . . . . . . . . 1 . . . . . . 1 . . Emergency Access Points 7 | . . . . . . 1 . . . 1 . . . 1 . 1 . . 2 . . . . 1 . . . Garrison Index 1 | . . . . . . . . . . . . . . . . . . . 1 . . . . . . . . Unreport Threat 3 | . . . . . . . 1 . . . . . . . . . 2 . . . . . . . . . . Locate Traps 4 | . . . . . . . . . . . 1 . . . . . . . . . . . . . . 3 . Zone Layout 2 | . . . . . . . . . . . . . . . . . 1 . 1 . . . . . . . . Garrison Registry 1 | . . . . . . . . . . . . 1 . . . . . . . . . . . . . . . Patrol Navigation 3 | . . . . . . 1 . . . 1 . . . 1 . . . . . . . . . . . . . Fabricator Hacks . | . . . . . . . . . . . . . . . . . . . . . . . . . . . . Repair Station Hacks . | . . . . . . . . . . . . . . . . . . . . . . . . . . . . Recycling Unit Hacks . | . . . . . . . . . . . . . . . . . . . . . . . . . . . . Scanalyzer . | . . . . . . . . . . . . . . . . . . . . . . . . . . . . Garrison Access Hacks 10 | . . . . . 1 . 1 . 1 . 1 . 1 . 1 . . . . . 1 . 1 . 2 . . Unlock Access 8 | . . . . . 1 . 1 . 1 . 1 . 1 . 1 . . . . . 1 . 1 . . . . Seal Access 2 | . . . . . . . . . . . . . . . . . . . . . . . . . 2 . . Unauthorized Hacks 7 | . 1 . . . 2 . 1 . . . . . . . . . . 1 . . . . . 1 . 1 . Terminals 6 | . . . . . 2 . 1 . . . . . . . . . . 1 . . . . . 1 . 1 . Assimilate 2 | . . . . . 1 . 1 . . . . . . . . . . . . . . . . . . . . Botnet 3 | . . . . . 1 . . . . . . . . . . . . 1 . . . . . 1 . . . Operators 1 | . . . . . . . . . . . . . . . . . . . . . . . . . . 1 . Fabricators . | . . . . . . . . . . . . . . . . . . . . . . . . . . . . Repair Stations . | . . . . . . . . . . . . . . . . . . . . . . . . . . . . Recycling Units 1 | . 1 . . . . . . . . . . . . . . . . . . . . . . . . . . Mask 1 | . 1 . . . . . . . . . . . . . . . . . . . . . . . . . . Scanalyzers . | . . . . . . . . . . . . . . . . . . . . . . . . . . . . Garrison Access . | . . . . . . . . . . . . . . . . . . . . . . . . . . . . Data Cores Recovered 1 | . . . . . . . . . . . . . . . . . . . . . . . . . . 1 . Used . | . . . . . . . . . . . . . . . . . . . . . . . . . . . . Hacking Detections 28 | . 2 . . 1 2 2 1 . 1 1 1 1 1 1 1 . 1 1 2 . 1 . 1 1 3 3 . Full Trace Events 2 | . . . . . . 1 . . . . . . . . . . . . . . . . . . . 1 . Feedback Events . | . . . . . . . . . . . . . . . . . . . . . . . . . . . . Feedback Blocked . | . . . . . . . . . . . . . . . . . . . . . . . . . . . . Robot Schematics Acquired . | . . . . . . . . . . . . . . . . . . . . . . . . . . . . Robots Built . | . . . . . . . . . . . . . . . . . . . . . . . . . . . . Authchips . | . . . . . . . . . . . . . . . . . . . . . . . . . . . . Time . | . . . . . . . . . . . . . . . . . . . . . . . . . . . . Total Robot Build Rating . | . . . . . . . . . . . . . . . . . . . . . . . . . . . . Part Schematics Acquired . | . . . . . . . . . . . . . . . . . . . . . . . . . . . . Parts Built . | . . . . . . . . . . . . . . . . . . . . . . . . . . . . Authchips . | . . . . . . . . . . . . . . . . . . . . . . . . . . . . Time . | . . . . . . . . . . . . . . . . . . . . . . . . . . . . Total Part Build Rating . | . . . . . . . . . . . . . . . . . . . . . . . . . . . . Parts Repaired . | . . . . . . . . . . . . . . . . . . . . . . . . . . . . Time . | . . . . . . . . . . . . . . . . . . . . . . . . . . . . Parts Recycled . | . . . . . . . . . . . . . . . . . . . . . . . . . . . . Recycled Matter . | . . . . . . . . . . . . . . . . . . . . . . . . . . . . Retrieved Matter . | . . . . . . . . . . . . . . . . . . . . . . . . . . . . Retrieved Components . | . . . . . . . . . . . . . . . . . . . . . . . . . . . . Parts Scanalyzed . | . . . . . . . . . . . . . . . . . . . . . . . . . . . . Part Schematics Acquired . | . . . . . . . . . . . . . . . . . . . . . . . . . . . . Parts Damaged . | . . . . . . . . . . . . . . . . . . . . . . . . . . . . Bothacking | -11 -10 -10 -10 -9 -8 -8 -7 -7 -7 -7 -6 -6 -5 -5 -4 -4 -4 -3 -3 -3 -2 -2 -2 -2 -1 -1 -1 ------------ Run | Yrd Mat Min Exi Min Mat Gar Fac Gar Fac Gar Fac Gar Fac Gar Fac Gar Arm Res Qua Sec Res Gar Res Gar Acc Com Ac0 Used RIF Installer 11 | . . . . . . 2 . 2 . 1 . 1 . 2 . 2 . . . . . 1 . . . . . Coupler Efficiency 1 | . . . . . . . . . . . . 1 . . . . . . . . . . . . . . . Hotswap 1 | . . . . . . . . . . . . . . . . . . . . . . 1 . . . . . Threat Obfuscator 1 | . . . . . . 1 . . . . . . . . . . . . . . . . . . . . . Signal Jammer 1 | . . . . . . . . . . 1 . . . . . . . . . . . . . . . . . Zone Cloak 1 | . . . . . . . . . . . . . . . . 1 . . . . . . . . . . . Watcher Feeds 1 | . . . . . . . . . . . . . . 1 . . . . . . . . . . . . . Patrol Navigation 1 | . . . . . . . . . . . . . . 1 . . . . . . . . . . . . . Alert ID Control 1 | . . . . . . . . . . . . . . . . 1 . . . . . . . . . . . Structural Interface 1 | . . . . . . . . 1 . . . . . . . . . . . . . . . . . . . Autooverride 1 | . . . . . . . . 1 . . . . . . . . . . . . . . . . . . . Robots Hacked 222 | . . . . . . . 4 13 1 16 10 20 2 21 . 20 3 2 1 9 10 28 4 20 11 27 . Non-combat 7 | . . . . . . . 1 . . . 2 . . . . . 1 . . 1 1 . . . 1 . . Combat 215 | . . . . . . . 3 13 1 16 8 20 2 21 . 20 2 2 1 8 9 28 4 20 10 27 . Autooverrided 52 | . . . . . . . . 2 . 4 3 3 . 7 . 4 1 . . 3 2 7 3 7 3 3 . Robot Hacks Applied 183 | . . . . . . . 5 11 1 12 7 17 3 17 . 16 2 2 1 7 10 21 1 16 9 25 . parse_system 2 | . . . . . . . . . . . . . . . . . . . . 1 . . . 1 . . . no_distress 1 | . . . . . . . . . . . . . . . . . . . . . . . . . 1 . . drop_inventory 1 | . . . . . . . 1 . . . . . . . . . . . . . . . . . . . . purge_threat 1 | . . . . . . . . . . . 1 . . . . . . . . . . . . . . . . map_route 3 | . . . . . . . . . . . 1 . . . . . 1 . . . 1 . . . . . . disable_scanner 1 | . . . . . . . . . . . . . . . . . . . . 1 . . . . . . . report_analyses 1 | . . . . . . . . . . . . . . . . . . . . 1 . . . . . . . find_garrison 4 | . . . . . . . 1 . . . 1 . 1 . . . . . . . 1 . . . . . . scatter_targeting 2 | . . . . . . . . . . . . 1 . . . . . . . . . . . 1 . . . amplify_resonance 18 | . . . . . . . 1 2 . 1 . 2 . 1 . 4 . . . 2 . 2 . 1 1 1 . disable_weapons 2 | . . . . . . . . . . . . . . . . . . . . . . 1 . . . 1 . reboot_system 2 | . . . . . . . . 1 . 1 . . . . . . . . . . . . . . . . . go_dormant 5 | . . . . . . . . . . 1 . . . 1 . 2 . . . . . 1 . . . . . overwrite_iff 32 | . . . . . . . . 3 . 3 2 3 2 4 . 2 . . . . 3 5 . 4 . 1 . streamctrl_high 12 | . . . . . . . . . . . 1 3 . 2 . . 1 . . . 1 1 . 1 . 2 . formatsys_high 96 | . . . . . . . 2 5 1 6 1 8 . 9 . 8 . 2 1 2 4 11 1 8 7 20 . Relay Couplers Released 76 | . . . . . . 12 . 14 . 6 . 11 . 9 . 11 . . . . . 7 . 6 . . . Machine Destruction 76 | . . . . . . 12 . 14 . 6 . 11 . 9 . 11 . . . . . 7 . 6 . . . Attached 55 | . . . . . . 5 . 5 . 3 . 8 . 8 . 10 . . 2 . . 11 . 3 . . . Fabnet Peak Effective % . | . . . . . . . . . . . . . . . . . . . . . . . . . . . . Robots Rewired 37 | . . . . . . 8 . 9 . . . . . 4 . 6 3 . . . . 7 . . . . . Allies Hacked 4 | . . . . . . . . . . . . . . . . . . . . . . . . 1 . 3 . Hacks Repelled . | . . . . . . . . . . . . . . . . . . . . . . . . . . . . Allies | -11 -10 -10 -10 -9 -8 -8 -7 -7 -7 -7 -6 -6 -5 -5 -4 -4 -4 -3 -3 -3 -2 -2 -2 -2 -1 -1 -1 -------- Run | Yrd Mat Min Exi Min Mat Gar Fac Gar Fac Gar Fac Gar Fac Gar Fac Gar Arm Res Qua Sec Res Gar Res Gar Acc Com Ac0 Total Allies 233 | . . 3 . . . 9 3 19 1 13 7 17 2 23 . 22 5 2 1 5 9 33 4 18 10 27 . Largest Group 22 | . . 3 3 3 3 5 3 12 12 13 9 6 4 7 7 12 10 2 2 4 5 14 13 8 10 22 4 Highest-Rated Group 1909 | . . 40 40 40 40 70 74 371 375 387 293 200 105 306 306 604 531 128 399 533 597 867 753 602 930 1909 636 Highest-Rated Ally 343 | . . 16 16 16 16 24 32 43 43 80 80 66 32 116 106 106 106 64 343 343 343 148 116 148 219 219 219 Total Orders 19 | . . . . . . . . . . . . . . . . . . . . 2 . . . . 1 16 . STAY 8 | . . . . . . . . . . . . . . . . . . . . 1 . . . . 1 6 . ROAM 1 | . . . . . . . . . . . . . . . . . . . . . . . . . . 1 . FOLLOW 10 | . . . . . . . . . . . . . . . . . . . . 1 . . . . . 9 . Ally Attacks 1292 | . . 6 . 7 17 17 . 78 6 78 79 89 8 63 . 149 16 . . 22 64 122 49 106 21 280 15 Total Damage 51598 | . . 57 . 96 200 425 . 1813 225 1932 1896 2091 120 2783 . 4101 546 . . 1050 2668 5137 1371 3449 850 19381 1407 Kills 286 | . . 2 . 2 . 3 . 19 2 19 17 16 3 8 . 33 3 . . 9 15 25 9 18 5 77 1 Allies Corrupted 9 | . . . . . . 1 . . . 1 . . . . . . . . . . . . . . . 7 . Allies Melted 2 | . . . . . . . . . . . . . . 1 . . . . 1 . . . . . . . . Intel | -11 -10 -10 -10 -9 -8 -8 -7 -7 -7 -7 -6 -6 -5 -5 -4 -4 -4 -3 -3 -3 -2 -2 -2 -2 -1 -1 -1 ------- Run | Yrd Mat Min Exi Min Mat Gar Fac Gar Fac Gar Fac Gar Fac Gar Fac Gar Arm Res Qua Sec Res Gar Res Gar Acc Com Ac0 Robot Analysis Total 4 | . 2 . . 1 . . . . . . . . . . . . . . 1 . . . . . . . . Derelict Logs Recovered 3 | . . 2 . 1 . . . . . . . . . . . . . . . . . . . . . . . Drone Launches . | . . . . . . . . . . . . . . . . . . . . . . . . . . . . Drone Recoveries . | . . . . . . . . . . . . . . . . . . . . . . . . . . . . Exploration | -11 -10 -10 -10 -9 -8 -8 -7 -7 -7 -7 -6 -6 -5 -5 -4 -4 -4 -3 -3 -3 -2 -2 -2 -2 -1 -1 -1 ------------- Run | Yrd Mat Min Exi Min Mat Gar Fac Gar Fac Gar Fac Gar Fac Gar Fac Gar Arm Res Qua Sec Res Gar Res Gar Acc Com Ac0 Turns Passed 15036 | 46 762 376 157 254 378 1181 205 790 273 433 393 531 80 804 9 869 229 110 306 357 375 846 212 430 528 3916 186 Spaces Moved 20271 | 39 1062 519 126 509 494 1299 367 959 220 615 421 755 57 956 11 1087 428 248 654 315 452 1025 367 642 518 5733 393 Core 13 | 11 . . . . . 2 . . . . . . . . . . . . . . . . . . . . . Treads . | . . . . . . . . . . . . . . . . . . . . . . . . . . . . Legs 51 | 28 23 . . . . . . . . . . . . . . . . . . . . . . . . . . Wheels . | . . . . . . . . . . . . . . . . . . . . . . . . . . . . Hover . | . . . . . . . . . . . . . . . . . . . . . . . . . . . . Flight 20207 | . 1039 519 126 509 494 1297 367 959 220 615 421 755 57 956 11 1087 428 248 654 315 452 1025 367 642 518 5733 393 Fastest Speed 20 | 50 37 37 37 37 32 32 32 32 32 27 27 27 27 27 27 22 22 22 20 20 20 20 20 20 20 20 42 Average Speed 29 | 100 41 37 37 37 35 32 32 32 32 28 27 27 27 27 27 23 22 22 20 20 20 20 20 20 20 32 42 Slowest Speed 125 | 120 120 37 37 37 112 115 32 32 32 32 27 27 27 27 27 32 22 22 22 20 20 20 20 20 20 125 42 Overloaded Moves . | . . . . . . . . . . . . . . . . . . . . . . . . . . . . Propulsion Burnouts . | . . . . . . . . . . . . . . . . . . . . . . . . . . . . Robots Hopped 152 | . 4 3 . 3 7 2 4 . 2 2 2 2 . 4 . 16 6 . 10 4 14 14 4 6 9 24 10 Cave-ins Triggered . | . . . . . . . . . . . . . . . . . . . . . . . . . . . . Teleports 1 | . . . . . . . . . . . . . . . . . . . . . . . . . . 1 . Exploration Rate (%) 49 | 3 96 94 48 97 63 88 10 93 10 76 11 84 3 96 1 89 36 12 75 18 10 94 9 48 14 85 30 Regions Visited 27 Branch Regions 8 Pre-discovered Areas 1 | . . . 1 . . . . . . . . . . . . . . . . . . . . . . . . Known Exits Taken 13 | . . . . . 1 . 1 . 1 . 1 . 1 . 1 . 1 1 1 1 1 . 1 . 1 . . Unknown Exits Taken 6 | 1 1 1 1 1 . . . . . . . . . . . . . . . . . . . . . 1 . Scrap Searched 2 | . . 1 . 1 . . . . . . . . . . . . . . . . . . . . . . . Spaces Dug 116 | . 3 . . . . 1 . 16 . . 2 . . 1 . 4 2 7 5 1 7 37 8 . 6 12 4 Terrain Destroyed 460 | . 166 7 . 50 10 1 . 38 . . 12 . . 44 . 10 2 21 5 1 7 37 8 . 6 31 4 Melee 93 | . . . . . . 1 . . . . 2 . . 1 . 4 2 7 5 1 7 37 8 . 6 8 4 Projectile 5 | . . . . . . . . . . . . . . . . . . . . . . . . . . 5 . AOE 362 | . 166 7 . 50 10 . . 38 . . 10 . . 43 . 6 . 14 . . . . . . . 18 . Terrain Rammed . | . . . . . . . . . . . . . . . . . . . . . . . . . . . . Walls Destroyed . | . . . . . . . . . . . . . . . . . . . . . . . . . . . . Machines Disabled . | . . . . . . . . . . . . . . . . . . . . . . . . . . . . Actions | -11 -10 -10 -10 -9 -8 -8 -7 -7 -7 -7 -6 -6 -5 -5 -4 -4 -4 -3 -3 -3 -2 -2 -2 -2 -1 -1 -1 --------- Run | Yrd Mat Min Exi Min Mat Gar Fac Gar Fac Gar Fac Gar Fac Gar Fac Gar Arm Res Qua Sec Res Gar Res Gar Acc Com Ac0 Total 27612 | 43 1228 635 235 557 595 1834 446 1362 419 844 647 1017 119 1418 17 1600 540 287 796 593 683 1505 474 899 876 7553 390 Wait 4732 | . 44 74 110 35 21 87 61 188 201 133 188 159 57 283 6 289 104 30 131 269 194 258 91 129 313 1276 1 Move 19987 | 38 1053 512 125 503 480 1294 358 958 215 610 416 751 57 948 11 1059 418 247 638 306 430 1003 360 632 501 5690 374 Hop 105 | . 4 3 . 2 7 1 4 . 2 2 2 1 . 3 . 10 3 . 5 4 7 6 2 3 7 18 9 Pick Up 91 | . . . . . 1 7 . 4 . 6 . 6 . 3 . 4 . . 2 . . . . . . 58 . Fast Attach 106 | 5 17 2 . 1 6 7 3 2 . 3 1 . . 1 . 14 . . 2 . . 5 . 1 2 34 . Attach 27 | . . . . . . 2 . 1 . 1 . 4 . 3 . 1 . . . . . . . . . 15 . Detach 5 | . 1 . . . . . . . . . . . . . . . . . . . . . . . . 4 . Swap 47 | . . 2 . 1 6 5 . 4 . 2 . 4 . 4 . 3 . . 4 . . 7 . 2 . 3 . Drop 150 | . 12 1 . . 8 7 3 5 . 5 . 2 . 2 . 11 . . 4 . . 3 . 1 1 85 . Fire 749 | . 75 27 . 10 50 94 7 17 1 16 11 25 5 36 . 43 8 3 2 10 16 39 1 20 11 222 . Melee 442 | . . . . . . 54 . 37 . 9 22 24 . 28 . 30 7 7 8 4 17 66 13 18 28 64 6 Ram . | . . . . . . . . . . . . . . . . . . . . . . . . . . . . Kick . | . . . . . . . . . . . . . . . . . . . . . . . . . . . . Crush . | . . . . . . . . . . . . . . . . . . . . . . . . . . . . Escape Stasis 591 | . . . . . . 130 . 72 . 51 . 28 . 90 . 67 . . . . . 63 . 72 . 18 . Rewire 128 | . . . . . . 82 1 36 . . . 1 . 1 . . . . . . . 4 . . . 3 . Trap 9 | . . . . . . . 9 . . . . . . . . . . . . . . . . . . . . Miscellaneous 443 | . 22 14 . 5 16 64 . 38 . 6 7 12 . 16 . 69 . . . . 19 51 7 21 13 63 . Route ------- -11/Scrapyard -10/Materials (discovered 4 exits: [*Mat x3] / [*Min]) -10/Mines (discovered 3 exits: [*Mat x2] / *Exi) -10/Exiles -9/Mines (discovered 2 exits: *Mat x2) -8/Materials (discovered 2 exits: *Fac / Gar) -8/Garrison (discovered 3 exits: *Fac x3) -7/Factory -7/Garrison (discovered 3 exits: *Fac x3) -7/Factory -7/Garrison (discovered 2 exits: *Fac x2) -6/Factory (discovered 2 exits: [Low] / Gar) -6/Garrison (discovered 3 exits: *Fac x3) -5/Factory -5/Garrison (discovered 3 exits: *Fac x3) -4/Factory -4/Garrison (discovered 3 exits: *Arm x3) -4/Armory -3/Research (discovered 3 exits: *Res / *Qua x2) -3/Quarantine (discovered 2 exits: Res / *Sec) -3/Section 7 -2/Research -2/Garrison (discovered 4 exits: *Acc x3 / *Res) -2/Research -2/Garrison -1/Access -1/Command (discovered 3 exits: [*Sur x2] / [*Ac0]) -1/Access_0 History --------- Turn | Location | Event 6 | -11/Scrapyard | Upgraded with Propulsion slot (x1) 6 | -11/Scrapyard | Upgraded with Utility slot (x1) 6 | -11/Scrapyard | Upgraded with Weapon slot (x2) 24 | -11/Scrapyard | Discovered new exit (range 12) 47 | -11/Scrapyard | Entered Materials 58 | -10/Materials | Discovered new exit (range 16) 163 | -10/Materials | Discovered new exit (range 8) 332 | -10/Materials | Reached level 2 338 | -10/Materials | Upgraded with Weapon slot (x1) 417 | -10/Materials | Discovered new exit (range 10) 462 | -10/Materials | Discovered new exit (range 3) 745 | -10/Materials | Reached level 3 809 | -10/Materials | Entered Mines 810 | -10/Mines | Assembled infested the area 907 | -10/Mines | Destroyed 11 combat bots 909 | -10/Mines | Learned Materials terminal intel 914 | -10/Mines | Assisted by bots powering up and referring to "LRC-V3" 934 | -10/Mines | Discovered new exit (range 17) 1010 | -10/Mines | Deemed a non-threat by the Exiles lab entrance 1010 | -10/Mines | Discovered new exit (range 5) 1028 | -10/Mines | Reached level 4 1039 | -10/Mines | Upgraded with Utility slot (x1) 1049 | -10/Mines | Learned Materials machine intel 1058 | -10/Mines | Discovered new exit (range 17) 1078 | -10/Mines | Build established: Scavenger-Gunner 1185 | -10/Mines | Entered Exiles 1185 | -10/Exiles | Accompanied by 3 allies 1194 | -10/Exiles | Met 8R-AWN 1201 | -10/Exiles | Met EX-HEX 1215 | -10/Exiles | Met EX-DEC 1217 | -10/Exiles | Learned location of Zion (-7) 1228 | -10/Exiles | Discovered new exit (range 10) 1342 | -10/Exiles | Entered Mines 1342 | -9/Mines | Accompanied by 3 allies 1364 | -9/Mines | Reached level 5 1372 | -9/Mines | Upgraded with Utility slot (x1) 1436 | -9/Mines | Discovered new exit (range 15) 1488 | -9/Mines | Learned 2 Materials zone layouts 1531 | -9/Mines | Found a damaged Exp. Sensor Array with a note attached 1535 | -9/Mines | Found Prototype Device 1535 | -9/Mines | Identified Exp. Sensor Array 1551 | -9/Mines | Reached level 6 1558 | -9/Mines | Upgraded with Utility slot (x1) 1561 | -9/Mines | Discovered new exit (range 10) 1596 | -9/Mines | Entered Materials 1596 | -8/Materials | Accompanied by 3 allies 1598 | -8/Materials | Loaded intel: 53 machine locations 1598 | -8/Materials | Reached level 7 1599 | -8/Materials | Loaded intel: 12 terminal locations 1662 | -8/Materials | Lost 3 allies 1807 | -8/Materials | Reached level 8 1810 | -8/Materials | Upgraded with Utility slot (x1) 1834 | -8/Materials | Destroyed 8 combat bots 1966 | -8/Materials | Discovered new exit (range 17) 1974 | -8/Materials | Identified exit to Garrison 1974 | -8/Materials | Entered Garrison 1976 | -8/Garrison | Reached level 9 1978 | -8/Garrison | Upgraded with Utility slot (x1) 1991 | -8/Garrison | Triggered checkpoint 2005 | -8/Garrison | Rescued a captive Derelict 2042 | -8/Garrison | Garrison Relay disabled 2049 | -8/Garrison | Installed Relay Interface Framework 2084 | -8/Garrison | Reached level 10 2165 | -8/Garrison | Build established: Scavenger-Sprinter 2168 | -8/Garrison | Garrison Relay disabled 2171 | -8/Garrison | Triggered checkpoint 2194 | -8/Garrison | Triggered checkpoint 2242 | -8/Garrison | Discovered new exit (range 15) 2300 | -8/Garrison | Expanded RIF knowledge: Threat Obfuscation 2347 | -8/Garrison | Triggered checkpoint 2360 | -8/Garrison | Reached level 11 2367 | -8/Garrison | Upgraded with Utility slot (x1) 2396 | -8/Garrison | Garrison Relay disabled 2406 | -8/Garrison | Triggered checkpoint 2428 | -8/Garrison | Triggered checkpoint 2440 | -8/Garrison | Triggered checkpoint 2470 | -8/Garrison | Destroyed 8 combat bots 2858 | -8/Garrison | Discovered new exit (range 3) 2859 | -8/Garrison | Identified exit to Factory 2882 | -8/Garrison | Triggered checkpoint 2901 | -8/Garrison | Discovered exit to Factory (range 8) 2914 | -8/Garrison | Triggered checkpoint 2916 | -8/Garrison | Garrison Relay disabled 2916 | -8/Garrison | Reached level 12 2921 | -8/Garrison | Lost 4 allies 2936 | -8/Garrison | Core integrity fell below 50% 3015 | -8/Garrison | Garrison Relay disabled 3016 | -8/Garrison | Garrison Relay disabled 3020 | -8/Garrison | Garrison Relay disabled 3024 | -8/Garrison | Garrison Relay disabled 3155 | -8/Garrison | Entered Factory 3157 | -7/Factory | Reached level 13 3326 | -7/Factory | Identified exit to Garrison 3360 | -7/Factory | Entered Garrison 3360 | -7/Garrison | Accompanied by 3 allies 3415 | -7/Garrison | Garrison Relay disabled 3415 | -7/Garrison | Reached level 14 3425 | -7/Garrison | Triggered checkpoint 3446 | -7/Garrison | Triggered checkpoint 3457 | -7/Garrison | Build established: Bothacker-Scout 3459 | -7/Garrison | Core integrity fell below 50% 3484 | -7/Garrison | Triggered checkpoint 3533 | -7/Garrison | Garrison Relay disabled 3555 | -7/Garrison | Expanded RIF knowledge: Structural Interface 3594 | -7/Garrison | Discovered new exit (range 17) 3601 | -7/Garrison | Expanded RIF knowledge: Autooverride 3620 | -7/Garrison | Triggered checkpoint 3622 | -7/Garrison | Triggered checkpoint 3659 | -7/Garrison | Garrison Relay disabled 3665 | -7/Garrison | Murdered 3 allies 3704 | -7/Garrison | Discovered new exit (range 12) 3706 | -7/Garrison | Triggered checkpoint 3730 | -7/Garrison | Triggered checkpoint 3734 | -7/Garrison | Reached level 15 3744 | -7/Garrison | Upgraded with Utility slot (x1) 3748 | -7/Garrison | Garrison Relay disabled 3772 | -7/Garrison | Triggered checkpoint 3832 | -7/Garrison | Garrison Relay disabled 3869 | -7/Garrison | Garrison Relay disabled 3902 | -7/Garrison | Triggered checkpoint 3961 | -7/Garrison | Triggered checkpoint 3996 | -7/Garrison | Discovered new exit (range 12) 4038 | -7/Garrison | Triggered checkpoint 4055 | -7/Garrison | Build established: Botlord-Scout 4056 | -7/Garrison | Garrison Relay disabled 4086 | -7/Garrison | Identified exit to Factory 4150 | -7/Garrison | Entered Factory 4150 | -7/Factory | Accompanied by 12 allies 4354 | -7/Factory | Reached level 16 4358 | -7/Factory | Identified exit to Garrison 4423 | -7/Factory | Entered Garrison 4423 | -7/Garrison | Accompanied by 12 allies 4437 | -7/Garrison | Triggered checkpoint 4448 | -7/Garrison | Garrison Relay disabled 4491 | -7/Garrison | Triggered checkpoint 4568 | -7/Garrison | Lost 4 allies 4587 | -7/Garrison | Triggered checkpoint 4594 | -7/Garrison | Triggered checkpoint 4607 | -7/Garrison | Garrison Relay disabled 4611 | -7/Garrison | Triggered checkpoint 4618 | -7/Garrison | Discovered new exit (range 13) 4621 | -7/Garrison | Triggered checkpoint 4640 | -7/Garrison | Spotted B-75 Beast 4664 | -7/Garrison | Triggered checkpoint 4665 | -7/Garrison | Lost 4 allies 4672 | -7/Garrison | Garrison Relay disabled 4686 | -7/Garrison | Spotted B-75 Beast 4703 | -7/Garrison | Assimilated Beast 4a with formatsys_high 4709 | -7/Garrison | Allies destroyed B-75 Beast 4750 | -7/Garrison | Garrison Relay disabled 4759 | -7/Garrison | Triggered checkpoint 4768 | -7/Garrison | Expanded RIF knowledge: Signal Jamming 4793 | -7/Garrison | Discovered new exit (range 13) 4797 | -7/Garrison | Identified exit to Factory 4856 | -7/Garrison | Entered Factory 4856 | -6/Factory | Accompanied by 6 allies 4858 | -6/Factory | Reached level 17 4884 | -6/Factory | Reached level 18 4894 | -6/Factory | Upgraded with Utility slot (x1) 4993 | -6/Factory | Discovered new exit (range 52) 5053 | -6/Factory | Lost 4 allies 5061 | -6/Factory | Identified exit to Garrison 5206 | -6/Factory | First assault squad dispatched 5249 | -6/Factory | Entered Garrison 5249 | -6/Garrison | Accompanied by 2 allies 5255 | -6/Garrison | Triggered checkpoint 5266 | -6/Garrison | Garrison Relay disabled 5290 | -6/Garrison | Garrison Relay disabled 5290 | -6/Garrison | Reached level 19 5331 | -6/Garrison | Triggered checkpoint 5340 | -6/Garrison | Spotted B-75 Beast 5371 | -6/Garrison | Allies destroyed B-75 Beast 5375 | -6/Garrison | Triggered checkpoint 5411 | -6/Garrison | Triggered checkpoint 5415 | -6/Garrison | Triggered checkpoint 5421 | -6/Garrison | Garrison Relay disabled 5455 | -6/Garrison | Discovered new exit (range 12) 5468 | -6/Garrison | Triggered checkpoint 5541 | -6/Garrison | Triggered checkpoint 5557 | -6/Garrison | Lost 3 allies 5596 | -6/Garrison | Discovered new exit (range 8) 5607 | -6/Garrison | Expanded RIF knowledge: Coupler Efficiency 5621 | -6/Garrison | Triggered checkpoint 5641 | -6/Garrison | Garrison Relay disabled 5663 | -6/Garrison | Identified exit to Factory 5683 | -6/Garrison | Discovered exit to Factory (range 69) 5683 | -6/Garrison | Discovered exit to Factory (range 20) 5683 | -6/Garrison | Discovered exit to Factory (range 40) 5689 | -6/Garrison | Garrison Relay disabled 5701 | -6/Garrison | Triggered checkpoint 5714 | -6/Garrison | Garrison Relay disabled 5780 | -6/Garrison | Entered Factory 5780 | -5/Factory | Accompanied by 3 allies 5782 | -5/Factory | Reached level 20 5782 | -5/Factory | Upgraded with Utility slot (x1) 5809 | -5/Factory | Identified exit to Garrison 5860 | -5/Factory | Entered Garrison 5862 | -5/Garrison | Reached level 21 5866 | -5/Garrison | Expanded RIF knowledge: Patrol Navigation 5888 | -5/Garrison | Triggered checkpoint 5892 | -5/Garrison | Garrison Relay disabled 5928 | -5/Garrison | Triggered checkpoint 5928 | -5/Garrison | Spotted B-75 Beast 5934 | -5/Garrison | Assimilated Beast 6a with formatsys_high 5940 | -5/Garrison | Triggered checkpoint 5944 | -5/Garrison | Triggered checkpoint 5997 | -5/Garrison | Destroyed 7 combat bots 5999 | -5/Garrison | Lost 6 allies 6019 | -5/Garrison | Garrison Relay disabled 6035 | -5/Garrison | Garrison Relay disabled 6052 | -5/Garrison | Garrison Relay disabled 6076 | -5/Garrison | Triggered checkpoint 6146 | -5/Garrison | Discovered new exit (range 8) 6219 | -5/Garrison | Expanded RIF knowledge: Watcher Feeds 6221 | -5/Garrison | Discovered new exit (range 12) 6224 | -5/Garrison | Identified exit to Factory 6241 | -5/Garrison | Spotted B-86 Titan 6243 | -5/Garrison | Spotted B-75 Beast 6246 | -5/Garrison | Rewired B-86 Titan 6262 | -5/Garrison | Allies destroyed B-86 Titan 6281 | -5/Garrison | Lost 4 allies 6350 | -5/Garrison | Garrison Relay disabled 6350 | -5/Garrison | Reached level 22 6352 | -5/Garrison | Triggered checkpoint 6474 | -5/Garrison | Triggered checkpoint 6528 | -5/Garrison | Discovered exit to Factory (range 12) 6598 | -5/Garrison | Triggered checkpoint 6599 | -5/Garrison | Garrison Relay disabled 6664 | -5/Garrison | Entered Factory 6664 | -4/Factory | Accompanied by 7 allies 6666 | -4/Factory | Reached level 23 6667 | -4/Factory | Identified exit to Garrison 6673 | -4/Factory | Entered Garrison 6673 | -4/Garrison | Accompanied by 7 allies 6673 | -4/Garrison | Upgraded with Utility slot (x1) 6679 | -4/Garrison | Triggered checkpoint 6697 | -4/Garrison | Garrison Relay disabled 6715 | -4/Garrison | Reached level 24 6716 | -4/Garrison | Upgraded with Propulsion slot (x1) 6720 | -4/Garrison | Rescued a captive Derelict 6723 | -4/Garrison | Rescued a captive Derelict 6780 | -4/Garrison | Spotted Striker 6780 | -4/Garrison | Spotted Striker 6793 | -4/Garrison | Found Relay Coupler [Proto] 6801 | -4/Garrison | Assimilated Striker with formatsys_high 6804 | -4/Garrison | Assimilated Striker with formatsys_high 6816 | -4/Garrison | Found Relay Coupler [Proto] 6818 | -4/Garrison | Found Relay Coupler [Proto] 6819 | -4/Garrison | Found Relay Coupler [Proto] 6835 | -4/Garrison | Lost 3 allies 6851 | -4/Garrison | Triggered checkpoint 6861 | -4/Garrison | Core integrity fell below 50% 6865 | -4/Garrison | Triggered checkpoint 6908 | -4/Garrison | Lost 6 allies 6933 | -4/Garrison | Garrison Relay disabled 6935 | -4/Garrison | Triggered checkpoint 7072 | -4/Garrison | Reached level 25 7081 | -4/Garrison | Spotted B-86 Titan 7081 | -4/Garrison | Spotted B-86 Titan 7094 | -4/Garrison | Garrison Relay disabled 7104 | -4/Garrison | Expanded RIF knowledge: Alert ID Control 7107 | -4/Garrison | Triggered checkpoint 7121 | -4/Garrison | Discovered new exit (range 10) 7211 | -4/Garrison | Triggered checkpoint 7226 | -4/Garrison | Discovered new exit (range 11) 7236 | -4/Garrison | Garrison Relay disabled 7269 | -4/Garrison | Expanded RIF knowledge: Zone Cloak 7272 | -4/Garrison | Lost 3 allies 7355 | -4/Garrison | Garrison Relay disabled 7396 | -4/Garrison | Discovered new exit (range 11) 7419 | -4/Garrison | Triggered checkpoint 7459 | -4/Garrison | Triggered checkpoint 7459 | -4/Garrison | Garrison Relay disabled 7490 | -4/Garrison | Identified exit to Armory 7542 | -4/Garrison | Entered Armory 7542 | -4/Armory | Accompanied by 7 allies 7550 | -4/Armory | Discovered new exit (range 90) 7771 | -4/Armory | Identified exit to Research 7771 | -4/Armory | Entered Research 7773 | -3/Research | Reached level 26 7773 | -3/Research | Reached level 27 7775 | -3/Research | Identified exit to Quarantine 7790 | -3/Research | Spotted B-86 Titan 7812 | -3/Research | Discovered new exit (range 30) 7881 | -3/Research | Entered Quarantine 7881 | -3/Quarantine | Accompanied by 2 allies 7882 | -3/Quarantine | Cryocooling Duct disabled 7890 | -3/Quarantine | Identified exit to Research 7897 | -3/Quarantine | Ambient heat levels rising (+20) 7897 | -3/Quarantine | Non-combat units ordered to evacuate 7908 | -3/Quarantine | Found Alien Artifact 7968 | -3/Quarantine | Found Alien Slashing Weapon 7968 | -3/Quarantine | Identified Sigix Broadsword 7995 | -3/Quarantine | Found Alien Artifact 8037 | -3/Quarantine | Spotted Fortress 8039 | -3/Quarantine | Assimilated Fortress with formatsys_high 8070 | -3/Quarantine | Discovered new exit (range 6) 8071 | -3/Quarantine | Identified exit to Section 7 8187 | -3/Quarantine | Entered Section 7 8187 | -3/Section 7 | Accompanied by 1 ally 8189 | -3/Section 7 | Reached level 28 8344 | -3/Section 7 | Discovered exit to Research (range 17) 8470 | -3/Section 7 | Spotted S7 Guard 8522 | -3/Section 7 | Allies destroyed S7 Guard 8544 | -3/Section 7 | Entered Research 8544 | -2/Research | Accompanied by 1 ally 8546 | -2/Research | Reached level 29 8788 | -2/Research | P-80 Master assimilated allied Terminator 9a 8794 | -2/Research | P-80 Master assimilated allied Enforcer 9a 8812 | -2/Research | Lost 3 allies 8866 | -2/Research | Identified exit to Garrison 8885 | -2/Research | Garrison activated, responded to threat 8912 | -2/Research | P-80 Master assimilated allied Fortress 8919 | -2/Research | Entered Garrison 8921 | -2/Garrison | Reached level 30 8921 | -2/Garrison | Upgraded with Utility slot (x1) 8925 | -2/Garrison | Triggered checkpoint 8945 | -2/Garrison | Garrison Relay disabled 8967 | -2/Garrison | Core integrity fell below 50% 9064 | -2/Garrison | Spotted B-90 Cyclops 9067 | -2/Garrison | Triggered checkpoint 9075 | -2/Garrison | Triggered checkpoint 9079 | -2/Garrison | Core integrity fell below 20% 9151 | -2/Garrison | Discovered new exit (range 11) 9153 | -2/Garrison | Identified exit to Access 9154 | -2/Garrison | Spotted B-90 Cyclops 9157 | -2/Garrison | Lost 6 allies 9159 | -2/Garrison | Rewired B-86 Titan 9192 | -2/Garrison | Allies destroyed B-90 Cyclops 9249 | -2/Garrison | Triggered checkpoint 9264 | -2/Garrison | Garrison Relay disabled 9291 | -2/Garrison | Expanded RIF knowledge: Hotswap 9295 | -2/Garrison | Triggered checkpoint 9310 | -2/Garrison | Garrison Relay disabled 9339 | -2/Garrison | Discovered exit to Access (range 13) 9372 | -2/Garrison | Found embedded Infiltrators 9387 | -2/Garrison | Triggered checkpoint 9459 | -2/Garrison | Triggered checkpoint 9497 | -2/Garrison | Triggered checkpoint 9499 | -2/Garrison | Discovered new exit (range 3) 9501 | -2/Garrison | Discovered exit to Access (range 15) 9509 | -2/Garrison | Garrison Relay disabled 9525 | -2/Garrison | Triggered checkpoint 9691 | -2/Garrison | Identified exit to Research 9765 | -2/Garrison | Entered Research 9765 | -2/Research | Accompanied by 12 allies 9901 | -2/Research | Reached level 31 9939 | -2/Research | Identified exit to Garrison 9977 | -2/Research | Entered Garrison 9977 | -2/Garrison | Accompanied by 7 allies 9999 | -2/Garrison | Triggered checkpoint 10013 | -2/Garrison | Triggered checkpoint 10032 | -2/Garrison | Garrison Relay disabled 10040 | -2/Garrison | Garrison Relay disabled 10046 | -2/Garrison | Lost 11 allies 10111 | -2/Garrison | Spotted B-90 Cyclops 10146 | -2/Garrison | Triggered checkpoint 10150 | -2/Garrison | Spotted B-90 Cyclops 10175 | -2/Garrison | Triggered checkpoint 10189 | -2/Garrison | Allies destroyed B-90 Cyclops 10189 | -2/Garrison | Triggered checkpoint 10209 | -2/Garrison | Triggered checkpoint 10273 | -2/Garrison | Lost 7 allies 10303 | -2/Garrison | Discovered exit to Access (range 11) 10313 | -2/Garrison | Triggered checkpoint 10313 | -2/Garrison | Garrison Relay disabled 10407 | -2/Garrison | Entered Access 10407 | -1/Access | Accompanied by 7 allies 10409 | -1/Access | Reached level 32 10497 | -1/Access | Identified exit to Command 10603 | -1/Access | Reached level 33 10665 | -1/Access | Found Prototype Processor 10665 | -1/Access | Identified Exp. Target Analyzer 10688 | -1/Access | Lost 4 allies 10862 | -1/Access | Spotted B-99 Colossus 10862 | -1/Access | Spotted B-99 Colossus 10862 | -1/Access | Assimilated Colossus 10a with formatsys_high 10864 | -1/Access | Assimilated Colossus 10b with formatsys_high 10935 | -1/Access | Entered Command 10935 | -1/Command | Accompanied by 10 allies 10937 | -1/Command | Reached level 34 11156 | -1/Command | Spotted B-99 Colossus 11302 | -1/Command | Assimilated Colossus 10c with formatsys_high 11450 | -1/Command | Lost 3 allies 11532 | -1/Command | Spotted M Guard 11532 | -1/Command | Spotted M Guard 11532 | -1/Command | Spotted Combat Programmer 11548 | -1/Command | Spotted Combat Programmer 11560 | -1/Command | Hijacked Combat Programmer control node with streamctrl_high 11560 | -1/Command | Hijacked Combat Programmer control node with streamctrl_high 11562 | -1/Command | Assimilated M Guard with formatsys_high 11563 | -1/Command | Core integrity fell below 50% 11563 | -1/Command | Assimilated M Guard with formatsys_high 11580 | -1/Command | Assimilated Combat Programmer with formatsys_high 11670 | -1/Command | Allies destroyed Combat Programmer 11685 | -1/Command | Met MAIN.C 11687 | -1/Command | 0b10 Conduit disabled 11709 | -1/Command | Reached level 35 11709 | -1/Command | Allies destroyed MAIN.C Shell 11709 | -1/Command | MAIN.C activated Command garrisons 11728 | -1/Command | Lost 3 allies 11751 | -1/Command | Reached level 36 11755 | -1/Command | Identified Hpw. Transdimensional Reconstructor 11755 | -1/Command | Identified Subatomic Replicator 11755 | -1/Command | Discovered new exit (range 31) 11755 | -1/Command | Discovered new exit (range 101) 11755 | -1/Command | Extracted map data and part IDs from MAIN.C's data core 11920 | -1/Command | Combat Programmer assimilated hostile W-44 Eye 12769 | -1/Command | Found Gamma Bomb Array 12954 | -1/Command | Found Exp. System Purifier 12977 | -1/Command | Found Zero-point Reactor 12981 | -1/Command | Found Exp. Melee Analysis Suite 12982 | -1/Command | Found Exp. Armor Integrity Analyzer 12984 | -1/Command | Found Beam Splitter 12986 | -1/Command | Found Zero-point Reactor 13053 | -1/Command | Build established: Hacker-Scout 13314 | -1/Command | Found Exp. Target Analyzer 13376 | -1/Command | Found Corrupted Exp. Core Analyzer 13378 | -1/Command | Found Exp. Core Analyzer 13773 | -1/Command | Found Exp. Core Analyzer 13980 | -1/Command | Found Exp. Targeting Computer 14280 | -1/Command | Upgraded with Propulsion slot (x1) 14751 | -1/Command | Used Subatomic Replicator to create Supercharged TR 14755 | -1/Command | Warped through subspace to slip node 14755 | -1/Command | Discovered new exit (range 5) 14851 | -1/Command | Entered Access_0 14851 | -1/Access_0 | Accompanied by 5 allies 14852 | -1/Access_0 | Met Architect 14855 | -1/Access_0 | Reached level 37 14860 | -1/Access_0 | Spotted Enhanced Programmer 14862 | -1/Access_0 | Spotted Enhanced Programmer 14897 | -1/Access_0 | Spotted Enhanced Programmer 14923 | -1/Access_0 | A6 warped into view 14946 | -1/Access_0 | Spotted Enhanced Programmer 14946 | -1/Access_0 | Spotted Enhanced Programmer 14963 | -1/Access_0 | Subspace Access Node disabled 14983 | -1/Access_0 | Spotted Enhanced Programmer 14984 | -1/Access_0 | Subspace Access Node disabled 15008 | -1/Access_0 | A5 warped into view 15012 | -1/Access_0 | Subspace Access Node disabled 15029 | -1/Access_0 | Core integrity fell below 20% 15035 | -1/Access_0 | System corruption reached 10% 15037 | -1/Access_0 | Destroyed by Enhanced Grunt with Neutron Cannon Last Messages --------------- 15032_ Penetrated by HV Slug. 15032_ Enhanced Hunter suffers critical hit (Destroy). 15032_ Enhanced Hunter knocked back. 15032_ HV Slug penetrates Wall. 15032_ HV Slug penetrates Earth. 15033_ HV Slug penetrates Wall. 15033_ Penetrated by HV Slug. 15033_ HV Slug penetrates Wall. 15034_ Penetrated by HV Slug. 15034_ HV Slug penetrates Enhanced Grunt. 15034_ Enhanced Grunt suffers critical hit (Destroy). 15034_ Enhanced Grunt destroyed. 15034_ HV Slug penetrates Wall. 15034_ Enhanced Grunt suffers critical hit (Destroy). 15034_ Penetrated by HV Slug. 15034_ HV Slug penetrates Wall. 15036_ Enhanced Grunt Lyr. Medium Armor Plating severed. 15036_ Penetrated by HV Slug. 15036_ HV Slug penetrates Wall. 15036_ HV Slug penetrates Earth. Map ----- +----------------------------------------------------+ | ??????????????????????????????????#?#????#?????? ? | | ??????????????????????????#????#???#????????? ?? | | ???????????????????????????##????#???#???#?????? | | ?????????????????????????????????????#??##???# ? | | ?????????????????????????#????#??????##?###?## ? ? | | ??????????????????????????#?#?#???? ##???#?#?#?#? | | ????????????????????? ? ?##??###? ##??##??##?### | | ??????????????????##?? ? ####?## ?? ###??#####""" | | ???????????????????# ? ? ###?#?# ?? ?#?#??##"" | | ??????????????#????? ?####?## ?? ##?##?#"? | | ???????????????####? ? ####### ?????##?####"? | | ?????????????##?### ? ? ##??##?### ?#" | | ?????????"? "#?##? ? ?? ? ? ####?#?## "" | | ???????????" ?#?# ? ??#???## ##?#??# | | ????? ? "" ?## ? ?? ###?### ###### | | ??? #?#"? "??###? ? ?####### #### | | ? ????#?#?? ####?## #?##?##?### ### | | ?###??##? ###### #?####?#### #?# | | ??#?##?#?########? ######### #### # | | ?#??#??##?######## #######?## ##?## # | | ?#?##########? ?############ #### ##### # | | ??########?##? ############ ###" % #?## | | #? #?########?## ############ ### #### | | ?###############?# ########## #?## "### # | | ###?####?###?#?### ########### ##### "### ## | | ?##?#####?######### ### g@ gg ###### "##" ## | | #?##?#?#### ######### # ;;#########?##### ## | | #########?#########"###%;# ##?########### ## | | ######?# ####### !g ; ############## """## | | ######## #######]!g;;######?#### | | #####" "######%%= ########### | | %" #?##h!; ############ ###"#%## | | "" #### =; ############# ##### # | | ### "##### h0;#### ########### ####### | | ####" #### #% "## ######?#### ####### | | ### ####" "#"##% #" ? ####?####?## ####### | | ### ######% " ## hh ;"# #################?### | | ## ####### ""#h p ###?# #?################### | | ###"##### " p ;##### ## ####?### ### | | ######### %%###### ##### | | #?##### "#### ### | | ####### ## ### | | ### ## % #### ## | | #" ## """"# ###### | | ## "# ### #?##### ##### | | ##### ### ##### ##########? ?## | | ######! ######### ? ##? ?#?????? ### ## | | #####!=* % ########## ? ?? ? ?## ## | | =!%![ "#?##### ? ? ??? ???#?#?# # | | # ## ==##"####?##? ? ? ? #?#? ? ??### # | +----------------------------------------------------+ Best States ------------- Heat Dissipation 68 Energy Generation 43 Energy Capacity 250 Matter Stores 300 Matter Capacity 300 Sight Range 18 Robot Scan Range 30 Terrain Scan Range 20 Terrain Scan Density 810 Additional Mass Support 9 Armor Coverage 375 Resistance: KI 25 Resistance: TH 20 Resistance: EX 20 Weapon Cycling 25 Melee Speed Boost 40 Phase Shifting 15 Evasion (%) 88 Targeting Accuracy 10 Melee Accuracy 12 Target Analysis 10 Core Analysis 8 Armor Integrity Analysis 50 Force Boost 20 Salvage Targeting 3 Offensive Hacking 30 Defensive Hacking 15 Relay Coupler Types 10 Relay Coupler Value 820 Item Schematics ----------------- None Robot Schematics ------------------ None Fabricated ------------ Nothing Alien Tech Used ----------------- Sigix Broadsword Subatomic Replicator Supercharged TR Achievements -------------- Assassin Pwned Challenges ------------ None RPGLIKE | -11 -10 -10 -10 -9 -8 -8 -7 -7 -7 -7 -6 -6 -5 -5 -4 -4 -4 -3 -3 -3 -2 -2 -2 -2 -1 -1 -1 --------- Run | Yrd Mat Min Exi Min Mat Gar Fac Gar Fac Gar Fac Gar Fac Gar Fac Gar Arm Res Qua Sec Res Gar Res Gar Acc Com Ac0 Levels Raised 36 | . 2 1 . 2 2 4 1 2 1 . 2 1 1 2 1 2 . 2 . 1 1 1 1 . 2 3 1 XP Earned 57058 | 3000 3025 1716 200 2589 4007 5699 1500 3757 138 1210 2690 1605 1636 2134 1500 3224 380 2041 818 1024 2395 1518 349 424 2553 5005 921 XP Spent 56620 | 2820 3050 1500 . 2500 2950 4850 2750 2600 . 2250 2900 . 3200 . . 5850 1500 2000 . 1100 . 3800 1125 . 3800 1100 4975 Upgrades 95 | 13 12 3 . 2 3 3 8 1 . 2 1 . 1 . . 4 2 2 . 1 . 1 3 . 5 1 27 Propulsion Slot 3 | 1 . . . . . . . . . . . . . . . 1 . . . . . . . . . 1 . Utility Slot 12 | 1 . 1 . 2 1 2 . 1 . . 1 . 1 . . 1 . . . . . 1 . . . . . Weapon Slot 3 | 2 1 . . . . . . . . . . . . . . . . . . . . . . . . . . Core Integrity 21 | 6 . . . . . . . . . . . . . . . . . . . . . . . . . . 15 Heat Dissipation 2 | 2 . . . . . . . . . . . . . . . . . . . . . . . . . . . Energy Generation 2 | . . . . . . . . . . . . . . . . . . . . . . . . . . . 2 Mass Support 4 | 1 1 . . . . . . . . . . . . . . . . . . 1 . . . . 1 . . Inventory Capacity 5 | . 1 . . . 2 . . . . 2 . . . . . . . . . . . . . . . . . Sight Range 2 | . 1 . . . . . 1 . . . . . . . . . . . . . . . . . . . . Sensor Range 7 | . 5 . . . . . . . . . . . . . . . . . . . . . 2 . . . . Terrain Scan Density 6 | . . . . . . . . . . . . . . . . . . . . . . . . . . . 6 Melee Accuracy 6 | . . . . . . . 2 . . . . . . . . . . . . . . . . . 4 . . Hack Attack % 6 | . . . . . . . 3 . . . . . . . . 1 1 1 . . . . . . . . . Hack Defense % 3 | . . . . . . . 1 . . . . . . . . . 1 1 . . . . . . . . . KI Resistance % 4 | . 1 1 . . . . 1 . . . . . . . . . . . . . . . 1 . . . . TH Resistance % 4 | . 1 1 . . . 1 . . . . . . . . . 1 . . . . . . . . . . . EX Resistance % 4 | . . . . . . . . . . . . . . . . . . . . . . . . . . . 4 KI Damage % 1 | . 1 . . . . . . . . . . . . . . . . . . . . . . . . . . Protomatter Created 2238 | . 308 202 . 19 261 662 . 234 . 49 47 . . 53 . 147 . . . . 42 . . 18 . 196 . Integrity Restored 9147 | . 436 231 . 75 313 1343 . 766 . 113 138 233 . 366 . 1458 . . . . 418 1083 159 420 258 1337 . Core 7724 | . 345 189 . 75 266 1088 . 644 . 73 94 213 . 366 . 1127 . . . . 379 1010 159 383 228 1085 . Parts 1423 | . 91 42 . . 47 255 . 122 . 40 44 20 . . . 331 . . . . 39 73 . 37 30 252 . Protomatter Decayed 9440 | . 159 124 . . 201 267 . 354 61 631 304 434 35 112 . 304 . . . 37 164 389 95 322 97 5272 78 Game ------ Seed RefineryHardenedFrame Manual? 0 Play Time 03:50:05 Cumulative 231.2 hours Start 2025.04.24 @ 22:56:51 End 2025.04.30 @ 17:58:37 Sessions 3 Manual Loads 0 Difficulty Rogue Special Mode Winter2019/RPGLIKE Game No. 151 Rogue 151 Adventurer 0 Explorer 0 Win Type - Total 13 Types 6/0/5/1/0/0/0/1/0 Lore% 75 Gallery% 75 Achievement% 73 Wizard Run 0 Options --------- Layout 0 ASCII 0 Keyboard 0 Movement Mouse Keybinds 0 Fullscreen 2 Font 24/Smallcaps Map View 76x50 Zoom Use 0% Tactical HUD 1 Map Filters NONE Filters NONE Steam 1 RUN: 266e5df4-8a68-4ebd-bf04-d83000afd69d